 Dungeon Crawl Stone Soup version 0.29.0-4-gdea44cf6ec (webtiles) character file.

Game seed: 15312437197792369052

559 qw the Chopper (level 7, -3/64 HPs)
             Began as a Gargoyle Berserker on Sept 4, 2022.
             Was a Priest of Trog.
             Slain by a gnoll
             ... wielding a +0 halberd
              (6 damage)
             ... on level 5 of the Dungeon.
             The game lasted 00:01:31 (5109 turns).

qw the Chopper (Gargoyle Berserker)                 Turns: 5109, Time: 00:01:32

Health: -3/64      AC: 15    Str: 23    XL:     7   Next: 31%
Magic:  7/7        EV:  8    Int:  7    God:    Trog [***...]
Gold:   80         SH:  4    Dex:  9    Spells: 6/6 levels left

rFire   + . .      SeeInvis .   Y - +0 broad axe
rCold   . . .      Faith    .   g - +0 buckler
rNeg    + . .      Spirit   .   a - +0 chain mail
rPois   inf        Reflect  .   (no helmet)
rElec   +          Harm     .   (no cloak)
rCorr   .          Rampage  .   n - +1 pair of gloves
Will    .....                   (no boots)
Stlth   ..........              b - amulet of the acrobat
HPRegen 0.20/turn               r - ring of protection from fire
MPRegen 0.10/turn               (no ring)

@: berserking, very quick
A: sickness immunity, AC +4, negative energy resistance 1, electricity
resistance, torment resistance 1, petrification resistance
a: Renounce Religion, Berserk, Trog's Hand


You were on level 5 of the Dungeon.
You worshipped Trog.
Trog was most pleased with you.
You visited 1 branch of the dungeon, and saw 5 of its levels.

You collected 186 gold pieces.
You spent 106 gold pieces at shops.


Innate Abilities, Weirdness & Mutations

You are immune to sickness and miasma.
Your stone body is resilient. (AC +4)
You are immune to poison.
You resist negative energy. (rN+)
You are resistant to electric shocks. (rElec)
You are resistant to unholy torment.
You are immune to petrification.


   Skills:
 - Level 4.0 Fighting
 - Level 6.3 Axes
 + Level 2.8 Armour
 - Level 1.5 Dodging
 - Level 3.3 Shields


You had 6 spell levels left.
You didn't know any spells.
Your spell library was empty.

Inventory:

Hand Weapons
 f - a +0 flail
 Y - a +0 broad axe (weapon)
Missiles
 h - 3 boomerangs (quivered)
Armour
 a - a +0 chain mail (worn)
 g - a +0 buckler (worn)
 n - a +1 pair of gloves (worn)
Jewellery
 b - an amulet of the acrobat (around neck)
 r - a ring of protection from fire (left hand)
Scrolls
 m - 3 scrolls of teleportation
Potions
 c - a potion of cancellation
 e - a potion of magic {unknown}
 j - 5 potions of curing
 k - a potion of heal wounds {unknown}
 l - a potion of degeneration {unknown}
 p - a potion of haste {unknown}

Dungeon Overview and Level Annotations

Branches:
Dungeon (5/15)
 Temple: D:4-7

Altars:
Ru
Vehumet
Zin

Shops:
D:3 [(*((

Annotations:
D:3 1 runed translucent door, Crazy Yiuf


Message History

You block the gnoll's attack. The gnoll hits you but does no damage.
The gnoll closely misses you. x2
The gnoll hits you from afar with a +0 halberd!
The gnoll hits you but does no damage.
You slash the gnoll!
You kill the gnoll!
Trog accepts your kill. The gnoll barely misses you.
The gnoll hits you but does no damage. The hound closely misses you.
You completely miss the hound. The hound bites you but does no damage.
The gnoll hits you from afar with a +0 halberd.
The gnoll hits you from afar with a +0 halberd!
The hound closely misses you. The gnoll closely misses you.
The gnoll hits you but does no damage.
5104 ||| INVOKING Berserk.
A red film seems to cover your vision as you go berserk!
You feel yourself moving faster!
You feel mighty! You block the hound's attack. The gnoll barely misses you.
You block the gnoll's attack.
You closely miss the hound. The hound bites you but does no damage.
The hound bites you.
You hit the hound.
The hound is moderately wounded.
The gnoll barely misses you. x2; The hound barely misses you.
You closely miss the hound.
The hound is moderately wounded.
The hound bites you. The gnoll closely misses you.
The gnoll hits you from afar with a +0 halberd.
The hound barely misses you.
You closely miss the hound.
The hound is moderately wounded.
The gnoll hits you but does no damage. You block the gnoll's attack.
The hound bites you but does no damage.
You closely miss the hound.
The hound is moderately wounded.
The hound bites you but does no damage.
The gnoll hits you from afar with a +0 halberd!
The gnoll hits you from afar with a +0 halberd.
You die...

....#......##..##..##..#
............##..#.......
#..##......##...##...#..
#...#...........##.###
............###.....####
...#....##.## #.....:..#
.. #........#......#..##
#..#..g(......>.#...<
#...##@##..............
#... #h........#....##.
#... .g............##..
#.. ...####......... .#
.. ).... ......:. ..
#####. .P..... .. .
~......##. ..


You could see a hound and 2 gnolls.

Vanquished Creatures
  A black bear (D:4)
  A necrophage (D:4)
  A hound (D:5)
  2 orc priests (D:3)
  A jelly (D:4)
  Jessica (D:3)
  Ijyb (D:4)
  An orc wizard (D:3)
  Terence (D:3)
  4 gnolls
  5 adders
  An ufetubus (D:5)
  A worm (D:3)
  2 dart slugs
  6 orcs (D:3)
  6 bats
  10 endoplasms
  4 giant cockroaches (D:3)
  6 goblins
  6 hobgoblins
  4 jackals (D:3)
  9 quokkas
  5 ball pythons
  3 frilled lizards
  9 kobolds
  5 rats
96 creatures vanquished.

Vanquished Creatures (others)
  2 fungi (D:5)
2 creatures vanquished.

Grand Total: 98 creatures vanquished

Notes
Turn   | Place    | Note
-------+----------+-------------------------------------------
     0 | D:1      | qw the Gargoyle Berserker began the quest for the Orb.
     0 | D:1      | Reached XP level 1. HP: 14/14 MP: 1/1
     0 | D:1      | 0 ||| qw: Version: 0.1-a-103-gd6f5d3a
     0 | D:1      | 0 ||| qw: Game counter: 5485
     0 | D:1      | 0 ||| qw: Always use a shield: true
     0 | D:1      | 0 ||| qw: Do Orc after D:15 true
     0 | D:1      | 0 ||| qw: Do second Lair branch before Depths: true
     0 | D:1      | 0 ||| qw: Lair rune preference: random
     0 | D:1      | 0 ||| qw: Plans: Normal
     0 | D:1      | 0 ||| PLANNING D:1-11
   123 | D:1      | You fall into a shaft and drop 1 floor!
   174 | D:2      | Reached skill level 3 in Axes
   218 | D:2      | 218 ||| UPGRADING to +0 scale mail.
   228 | D:2      | 228 ||| DROPPING +0 animal skin.
   229 | D:2      | 229 ||| READING scroll labelled LAUZUSCH FYKIX.
   232 | D:2      | Found a faded altar of an unknown god.
   238 | D:2      | 238 ||| Stepping ~*~*~tactically~*~*~ (stealth).
   271 | D:1      | 271 ||| DROPPING +0 club.
   283 | D:1      | Reached XP level 2. HP: 19/19 MP: 2/2
   504 | D:1      | 504 ||| INVOKING Berserk.
   891 | D:1      | Reached XP level 3. HP: 23/23 MP: 3/3
  1115 | D:1      | 1115 ||| DROPPING scarf of shadows.
  1116 | D:1      | 1116 ||| UPGRADING to amulet of the acrobat.
  1121 | D:1      | 1121 ||| READING scroll labelled VULUIFR KINAO.
  1122 | D:1      | 1122 ||| READING scroll labelled SIHADI UGGIEC.
  1123 | D:1      | 1123 ||| READING scroll labelled USIACVAOFI.
  1145 | D:2      | 1145 ||| Stepping ~*~*~tactically~*~*~ (hiding).
  1148 | D:2      | 1148 ||| INVOKING Berserk.
  1156 | D:2      | Reached skill level 4 in Axes
  1539 | D:2      | 1539 ||| Stepping ~*~*~tactically~*~*~ (stealth).
  1550 | D:2      | Reached XP level 4. HP: 15/28 MP: 4/4
  1693 | D:2      | 1693 ||| SWAPPING to +0 war axe.
  1694 | D:2      | 1694 ||| DROPPING +0 hand axe of electrocution.
  1856 | D:2      | Reached ** piety under Trog
  2030 | D:2      | 2030 ||| UPGRADING to +0 buckler.
  2035 | D:2      | 2035 ||| UPGRADING to +1 pair of gloves.
  2040 | D:2      | 2040 ||| READING 2 scrolls labelled NOMAJI XEOX.
  2041 | D:2      | 2041 ||| READING scroll labelled XUAS QYALYA.
  2042 | D:2      | 2042 ||| READING 2 scrolls labelled GEHAWK YZEAT.
  2047 | D:2      | 2047 ||| DRINKING 2 emerald potions.
  2090 | D:2      | 2090 ||| DROPPING potion of lignification.
  2091 | D:2      | 2091 ||| DROPPING scroll of butterflies.
  2099 | D:3      | 2099 ||| PLANNING SEWER
  2135 | D:3      | Reached skill level 1 in Shields
  2218 | D:3      | Found Ketoll's Assorted Antiques.
  2227 | D:3      | 2227 ||| BUYING 2 cyan potions (43 gold).
  2227 | D:3      | Bought 2 cyan potions for 43 gold pieces
  2227 | D:3      | 2227 ||| BUYING cyan potion (21 gold).
  2227 | D:3      | Bought a cyan potion for 21 gold pieces
  2227 | D:3      | 2227 ||| BUYING cyan potion (21 gold).
  2227 | D:3      | Bought a cyan potion for 21 gold pieces
  2227 | D:3      | 2227 ||| BUYING fizzy puce potion (21 gold).
  2227 | D:3      | Bought a fizzy puce potion for 21 gold pieces
  2227 | D:3      | 2227 ||| SHOPLISTING glowing leather armour (120 gold, have
                  | 21).
  2227 | D:3      | 2227 ||| SHOPLISTING scroll labelled BID APETAR JIY (24
                  | gold, have 21).
  2231 | D:3      | 2231 ||| Stepping ~*~*~tactically~*~*~ (stealth).
  2411 | D:3      | 2411 ||| Stepping ~*~*~tactically~*~*~ (hiding).
  2414 | D:3      | 2414 ||| Stepping ~*~*~tactically~*~*~ (stealth).
  2416 | D:3      | 2416 ||| INVOKING Berserk.
  2422 | D:3      | Reached XP level 5. HP: 32/32 MP: 5/5
  2601 | D:3      | Found Eseil's Weapon Emporium.
  2686 | D:3      | Found Pamatacw's Weapon Boutique.
  2698 | D:3      | 2698 ||| SHOPLISTING +0 flail (35 gold, have 21).
  2698 | D:3      | 2698 ||| SHOPLISTING +1 mace of protection (106 gold, have
                  | 21).
  2706 | D:3      | 2706 ||| RIP SEWER
  2711 | D:3      | 2711 ||| PLANNING D:1-11
  2823 | D:3      | Noticed Jessica
  2829 | D:3      | Killed Jessica
  2830 | D:3      | Reached skill level 5 in Axes
  2970 | D:3      | Noticed Terence
  2972 | D:3      | 2972 ||| INVOKING Berserk.
  2980 | D:3      | Killed Terence
  3092 | D:3      | 3092 ||| DROPPING +0 whip.
  3096 | D:3      | Found a runed translucent door.
  3097 | D:3      | Noticed Crazy Yiuf
  3168 | D:3      | Found Zuvipisy's Antique Armour Boutique.
  3176 | D:3      | 3176 ||| SHOPLISTING -2 hat of the Alchemist {rElec rPois
                  | rF+ rC+ rN+ Will+ rMut rCorr} (1085 gold, have 34).
  3176 | D:3      | 3176 ||| SHOPLISTING cloak (103 gold, have 34).
  3176 | D:3      | 3176 ||| SHOPLISTING crude scale mail (207 gold, have 34).
  3176 | D:3      | 3176 ||| SHOPLISTING embroidered scarf (184 gold, have 34).
  3176 | D:3      | 3176 ||| SHOPLISTING glowing leather armour (115 gold, have
                  | 34).
  3176 | D:3      | 3176 ||| SHOPLISTING helmet (103 gold, have 34).
  3176 | D:3      | 3176 ||| SHOPLISTING plate armour (529 gold, have 34).
  3176 | D:3      | 3176 ||| SHOPLISTING runed plate armour (598 gold, have
                  | 34).
  3295 | D:3      | Found a sacrificial altar of Ru.
  3295 | D:3      | Found a glowing silver altar of Zin.
  3295 | D:3      | Found a radiant altar of Vehumet.
  3349 | D:3      | Found Mistrut's Weapon Emporium.
  3355 | D:3      | 3355 ||| SHOPLISTING +0 flail (42 gold, have 34).
  3551 | D:3      | 3551 ||| INVOKING Berserk.
  3558 | D:3      | Reached XP level 6. HP: 38/38 MP: 6/6
  3781 | D:3      | 3781 ||| DROPPING +1 hammer of protection.
  3782 | D:3      | 3782 ||| DROPPING amulet of faith.
  3783 | D:3      | 3783 ||| READING 2 scrolls labelled FEEWNU PIMUMY.
  3784 | D:3      | 3784 ||| DRINKING 2 clear potions.
  3785 | D:3      | 3785 ||| DRINKING 6 cyan potions.
  3786 | D:3      | 3786 ||| DROPPING scroll of fear.
  3885 | D:4      | 3885 ||| Stepping ~*~*~tactically~*~*~ (hiding).
  3886 | D:4      | 3886 ||| Stepping ~*~*~tactically~*~*~ (hiding).
  4058 | D:4      | Noticed Ijyb
  4061 | D:4      | 4061 ||| INVOKING Berserk.
  4065 | D:4      | Killed Ijyb
  4247 | D:4      | Noticed a black bear
  4251 | D:4      | 4251 ||| INVOKING Berserk.
  4255 | D:4      | Killed a black bear
  4256 | D:4      | Reached skill level 6 in Axes
  4262 | D:4      | Reached skill level 3 in Shields
  4262 | D:4      | Reached XP level 7. HP: 37/43 MP: 7/7
  4293 | D:4      | 4293 ||| Stepping ~*~*~tactically~*~*~ (stealth).
  4295 | D:4      | 4295 ||| FLEEEEING.
  4296 | D:4      | 4296 ||| FLEEEEING.
  4297 | D:4      | 4297 ||| FLEEEEING.
  4298 | D:4      | 4298 ||| FLEEEEING.
  4304 | D:4      | 4304 ||| FLEEEEING.
  4305 | D:4      | 4305 ||| FLEEEEING.
  4306 | D:4      | 4306 ||| FLEEEEING.
  4307 | D:4      | 4307 ||| FLEEEEING.
  4308 | D:4      | 4308 ||| FLEEEEING.
  4379 | D:4      | 4379 ||| Stepping ~*~*~tactically~*~*~ (hiding).
  4459 | D:4      | Reached *** piety under Trog
  4594 | D:4      | 4594 ||| SWAPPING to +0 broad axe.
  4596 | D:4      | 4596 ||| DROPPING +0 war axe.
  4808 | D:4      | 4808 ||| Stepping ~*~*~tactically~*~*~ (stealth).
  4899 | D:4      | 4899 ||| INVOKING Berserk.
  5011 | D:4      | 5011 ||| UPGRADING to +0 chain mail.
  5021 | D:4      | 5021 ||| DROPPING +0 scale mail.
  5022 | D:4      | 5022 ||| UPGRADING to ring of protection from fire.
  5023 | D:4      | 5023 ||| READING scroll labelled ZEGUGONOEH.
  5024 | D:4      | 5024 ||| DRINKING 4 sedimented puce potions.
  5025 | D:4      | 5025 ||| DROPPING 3 potions of brilliance.
  5059 | D:5      | Entered Level 5 of the Dungeon
  5092 | D:5      | 5092 ||| Stepping ~*~*~tactically~*~*~ (hiding).
  5104 | D:5      | 5104 ||| INVOKING Berserk.
  5107 | D:5      | HP: 11/64 [gnoll/+0 halberd (6)]
  5109 | D:5      | HP: 3/64 [gnoll/+0 halberd (9)]
  5109 | D:5      | Slain by a gnoll

Levels and vault maps discovered:
D:1:      minmay_arrival_up_and_down, layout_loops_ring
D:2:      layout_loops_cross, chequers_ecumenical_altar_simple_redux
D:3:      layout_basic, gammafunk_temple_overflow_claw, gup_sewer_entry_pipe,
          serial_shops, nicolae_shop_stone,
          nicolae_shop_temple_entry_statues_fountains,
          nicolae_shop_bloodbath_and_beyond, shop, shop, uniq_jessica,
          uniq_crazy_yiuf_cottage, uniq_terence
D:4:      layout_loops_corners, kennysheep_another_room, uniq_ijyb
D:5:      layout_cave_pools, minmay_misc_feat_tiny, minmay_misc_feat_rugged,
          dreamdust_gnoll_farm

Skill      XL: |  1  2  3  4  5  6 |
---------------+-------------------+-----
Axes           | 3 4 5 6 |  6.3
Shields        | 2 3 |  3.3
Fighting       | 4 |  4.0
Armour         | |  2.8
Dodging        | |  1.5

Action                   |  1- 3 |  4- 6 |  7- 9 || total
-------------------------+-------+-------+-------++-------
Melee: Hand axe          |    71 |       |       ||    71
       War axe           |       |   180 |    13 ||   193
       Broad axe         |       |       |    16 ||    16
Throw: Boomerang         |       |    31 |    13 ||    44
Invok: Berserk           |     2 |     5 |     2 ||     9
  Use: Scroll            |     4 |     4 |     1 ||     9
       Potion            |       |     3 |     1 ||     4
Armor: Scale mail        |    29 |    76 |     9 ||   114
       Animal skin       |     1 |       |       ||     1
       Chain mail        |       |       |    11 ||    11
Dodge: Dodged            |    26 |    72 |    26 ||   124
Block: Buckler           |       |    31 |     6 ||    37

Table legend:
 A = Non-vault XP
 B = Vault XP
 C = Vault XP percentage of total XP
 D = Non-vault monster count
 E = Vault monster count
 F = Vault count percentage of total count
                 A         B        C        D         E       F
            +---------+---------+-------+---------+---------+-------
      Total |     623 |     176 |  22.0 |      84 |      12 |  12.5
            +---------+---------+-------+---------+---------+-------
        D:1 |      29 |       0 |   0.0 |      17 |       0 |   0.0
        D:2 |      60 |       0 |   0.0 |      14 |       0 |   0.0
        D:3 |     226 |      83 |  26.9 |      31 |       9 |  22.5
        D:4 |     300 |      36 |  10.7 |      21 |       1 |   4.5
        D:5 |       8 |      57 |  87.7 |       1 |       2 |  66.7
            +---------+---------+-------+---------+---------+-------
